 Dungeon Crawl Stone Soup version 0.31-a0-803-g95b03c3367 (webtiles) character file.

Game seed: 5104341141982408868

220 javelincjr the Changeling (level 5, 0/41 HPs)
             Began as a Demigod Shapeshifter on Sept 20, 2023.
             Killed from afar by an orc wizard (7 damage)
             ... with a puff of flame
             ... on level 4 of the Dungeon.
             The game lasted 00:09:30 (3238 turns).

javelincjr the Changeling (Demigod Shapeshifter)    Turns: 3238, Time: 00:09:31

Health: 0/41       AC: 12    Str: 19    XL:     5   Next: 37%
Magic:  2/2        EV: 23    Int: 12    God:
Gold:   184        SH:  0    Dex: 19    Spells: 4/4 levels left

rFire   . . .        A - +7 sling of Loigysel {antimagic, rC+}
rCold   + . .        (no shield)
rNeg    . . .        h - +0 shadow dragon scales
rPois   .            (helmet currently unavailable)
rElec   .            (cloak currently unavailable)
rCorr   .            (gloves currently unavailable)
SInv    .            (boots currently unavailable)
Will    .....        D - amulet of the acrobat
Stlth   +++          m - ring of flight
HPRegen 0.26/turn    t - +6 ring of dexterity
MPRegen 0.08/turn

%: acrobat
@: beast-form, acrobatic, flying
A: beast (slay +2), high MP 1, forlorn, divine attributes
a: Begin Untransformation


You were on level 4 of the Dungeon.
You were a hulking beast.
You visited 1 branch of the dungeon, and saw 4 of its levels.

You collected 184 gold pieces.

Inventory:

Hand Weapons
 k - a +0 war axe
 o - a +2 dagger of venom
 w - a +0 rapier of holy wrath
 A - the +7 sling of Loigysel (weapon) {antimagic, rC+}
   (You found it on level 4 of the Dungeon)

   rC+:       It protects you from cold.
 B - a +3 war axe
Missiles
 n - 6 datura-tipped darts
 v - 9 poisoned darts
 z - 4 stones
Armour
 a - a +0 animal skin
 h - +0 shadow dragon scales (worn)
 u - the +1 robe of Ucwet {Rampage +Blink rCorr Str-4 Int+3}
   (You found it on level 3 of the Dungeon)

   Str-4:     It affects your strength (-4).
   Int+3:     It affects your intelligence (+3).
   +Blink:    It lets you blink.
   rCorr:     It protects you from acid and corrosion.
   Rampage:   It bestows one free step when moving towards enemies.
 F - a +0 helmet
Jewellery
 m - a ring of flight (left hand)
 t - a +6 ring of dexterity (right hand)
 D - an amulet of the acrobat (around neck)
Talismans
 c - a beast talisman (active)
 d - a flux talisman
Scrolls
 f - a scroll of teleportation {unknown}
 g - 3 scrolls of identify {unknown}
 i - 2 scrolls of poison {unknown}
 j - a scroll of noise {unknown}
 l - a scroll of summoning {unknown}
 p - 2 scrolls of immolation {unknown}
 q - a scroll of amnesia {unknown}
 s - a scroll of acquirement {unknown}
 x - 2 scrolls of fog {unknown}
 y - 2 scrolls of enchant weapon {unknown}
 C - a scroll of blinking {unknown}
Potions
 b - a potion of lignification
 e - a potion of attraction {unknown}
 r - a potion of curing {unknown}
 E - a potion of mutation {unknown}
 G - a potion of cancellation {unknown}


   Skills:
 + Level 2.0 Fighting
 * Level 2.2 Armour
 + Level 2.8 Dodging
 + Level 3.2 Unarmed Combat
 * Level 3.6 Shapeshifting


You had 4 spell levels left.
You didn't know any spells.
Your spell library contained the following spells:

 Spells                   Type           Power      Damage    Failure   Level
 Shock                    Conj/Air       0%         1d3       99%         1
 Sublimation of Blood     Necr           0%         N/A       99%         2
 Wereblood                Tmut           0%         N/A       99%         2
 Swiftness                Air            0%         N/A       100%        3
 Airstrike                Air            0%         2d(0-16)  100%        4
 Summon Hydra             Summ           0%         N/A       100%        7


Dungeon Overview and Level Annotations

Branches:
Dungeon (4/15)             Temple (0/1) D:4


Innate Abilities, Weirdness & Mutations

You are a hulking beast.
Your limbs bulge with bestial killing power. (Slay +2)
You have an increased reservoir of magic. (+10% MP)
You shall have no god before yourself.
Your divine heritage dramatically boosts your attributes as you level up.


Message History

A kobold comes into view. It is wielding a +0 club.
You shoot a sling bullet.
The sling bullet barely misses the orc priest.
The sling bullet hits the kobold!
You kill the kobold!
You shoot a sling bullet. The sling bullet hits the orc priest.
The orc priest is moderately wounded.
The orc priest calls down the wrath of Beogh upon you.
Beogh smites you!
You shoot a sling bullet.
The sling bullet hits the orc priest but does no damage.
The orc priest is moderately wounded.
The orc priest hits you but does no damage.
The orc priest calls down the wrath of Beogh upon you.
Beogh smites you!
The orc priest hits you with a +0 falchion.
The orc hits you but does no damage.
The orc wizard mumbles some strange words.
The orc wizard flickers and vanishes!
Deactivating autopickup; reactivate with Ctrl-A.
You are too injured to fight recklessly!
You are too injured to fight recklessly!
You are too injured to fight recklessly!
You are too injured to fight recklessly!
Fire: A) +7 sling of Loigysel {antimagic, rC+}
Press: ? - help, Q - select action, (/) - cycle Shift-Dir - straight line, p - orc priest
Okay, then.
The orc attacks as it pursues you! The orc completely misses you.
The orc priest calls upon Beogh to heal the orc priest.
The orc priest is healed somewhat.
The orc attacks as it pursues you! The orc hits you but does no damage.
The orc priest invokes the aid of Beogh against you.
Beogh smites you!
* * * LOW HITPOINT WARNING * * *
The orc attacks as it pursues you! The orc closely misses you.
The orc attacks as it pursues you! The orc hits you but does no damage.
You hear some strange, mumbled words.
A puff of flame appears from out of thin air!
The puff of flame hits you!
You die...

##..........................
#.....>...#.................
.....#.........#...............
.........##..##.................
.###..##.##...#.................
##. ..###..#.................
#...##......................
#.##..##.....##............ ..
#.#....h...##........... .#.
#...#....#..........#.##
...###...#{o....#..# .. ..
##....#......#..##.# #
#.......o..........#..
............o.†.........
#..#.#..##............)..
...#....##.............). .
#...###..............


You could see 2 orc priests and an orc.

Vanquished Creatures
  A hound (D:4)
  2 iguanas (D:4)
  4 adders
  An ufetubus (D:4)
  9 dart slugs
  3 orcs (D:4)
  7 ball pythons
  10 endoplasms
  5 giant cockroaches
  6 goblins
  7 hobgoblins
  12 kobolds
  4 quokkas
  3 frilled lizards
  6 rats
80 creatures vanquished.

Notes
Turn   | Place    | Note
-------+----------+-------------------------------------------
     0 | D:1      | javelincjr the Demigod Shapeshifter began the quest for the
                  | Orb.
     0 | D:1      | Reached XP level 1. HP: 15/15 MP: 3/3
    47 | D:1      | Reached skill level 1 in Fighting
   247 | D:1      | Reached XP level 2. HP: 14/23 MP: 4/4
  1000 | D:2      | Reached XP level 3. HP: 28/28 MP: 5/5
  1110 | D:2      | Reached skill level 1 in Armour
  2078 | D:3      | Reached XP level 4. HP: 35/35 MP: 6/6
  2133 | D:3      | Identified the +1 robe of Ucwet {Rampage +Blink rCorr Str-4
                  | Int+3}
  2993 | D:4      | Identified the +7 sling of Loigysel {antimagic, rC+}
  3062 | D:4      | Reached XP level 5. HP: 41/41 MP: 2/7
  3065 | D:4      | Found a staircase to the Ecumenical Temple.
  3238 | D:4      | Killed from afar by an orc wizard

Illustrated notes

Levels and vault maps discovered:
D:1:      grunt_arrival_crossed_arrows, layout_basic, minmay_tree_intersection
D:2:      layout_loops_corners, basic_altar
D:3:      kennysheep_slugbush, layout_loops_corners,
          chequers_ecumenical_altar_grove
D:4:      layout_rooms, temple_hall

Skill      XL: |  1  2  3  4  5 |
---------------+----------------+-----
Fighting       | 1 2 |  2.0
Dodging        | 2 |  2.8
Shapeshifting  | 3 |  3.6
Armour         | 1 2 |  2.2
Unarmed Combat | 3 |  3.2

Action                     |  1- 3 |  4- 6 || total
---------------------------+-------+-------++-------
  Melee: Unarmed           |    53 |       ||    53
         War axe           |    68 |       ||    68
         Punch             |     3 |     1 ||     4
         Dagger            |    14 |    50 ||    64
   Fire: Sling             |       |    33 ||    33
   Stab: Sleeping          |     5 |     2 ||     7
 Armour: Animal skin       |    23 |       ||    23
         Shadow dragon sca |    64 |    37 ||   101
  Dodge: Dodged            |    60 |    21 ||    81

Table legend: (Time is in decaauts)
 A = Elapsed time spent in this place.
 B = Non-inter-level travel time spent in this place.
 C = Inter-level travel time spent in this place.
 D = Time resting spent in this place.
 E = Time spent auto-exploring this place.
 F = Levels seen in this place.
 G = Mean time per level.
                   A        B        C        D        E       F      G
               +--------+--------+--------+--------+--------+-----+--------+
         Total |   3299 |   3177 |    122 |     69 |   2418 |   4 |  824.8 |
       Dungeon |   3299 |   3177 |    122 |     69 |   2418 |   4 |  824.8 |
               +--------+--------+--------+--------+--------+-----+--------+

Top non-repeatable levels by time:
     D:2: 1092 daAuts
     D:3: 1023 daAuts
     D:1: 873 daAuts
     D:4: 310 daAuts
